[Event "Titled Tuesday Blitz August 22 Early 2023"]
[White "Rosenberg, Evan S"]
[Black "Luxama, Jacques Muller"]
[WhiteFideId "2019299"]
[BlackFideId "11900113"]
[WhiteElo "2417"]
[BlackElo "2229"]
[Result "1-0"]
[Round "5"]
[TimeControl "180+1"]
[Date "2023.08.22"]
[WhiteClock "0:00:16"]
[BlackClock "0:00:00"]
[Board "203"]

1. d4 e6 2. g3 Nf6 3. Bg2 d5 4. Nf3 Be7 5. O-O O-O 6. c4 dxc4 7. Qc2 a6 8. a4 Bd7 9. Qxc4 b5 10. Qc2 Nc6 11. Bg5 Nb4 12. Qd1 h6 13. Bxf6 Bxf6 14. Ne5 Rb8 15. Nc3 Bxe5 16. dxe5 Bc6 17. f4 Bxg2 18. Kxg2 Qe7 19. axb5 axb5 20. Ne4 Rfd8 21. Qb3 c5 22. Rad1 Qb7 23. Qf3 Nd5 24. Kg1 c4 25. Nd6 Qb6+ 26. Rf2 Ra8 27. Rxd5 exd5 28. Qxd5 Ra7 29. Kg2 Rad7 30. f5 Rxd6 31. exd6 Rxd6 32. Qa8+ Kh7 33. e4 Qd4 34. Qe8 b4 35. Qxf7 Qxe4+ 36. Kh3 c3 37. bxc3 bxc3 38. f6 Qg6 39. Qxg6+ Kxg6 40. f7 c2 41. f8=Q c1=Q 42. Qxd6+ Kh7 43. Qd3+ Kg8 44. Qd5+ Kh7 45. Qf5+ Kg8 46. Rc2 1-0


[Site "https://www.chess.com"]

[Event "Titled Tuesday Blitz August 22 Early 2023"]
[White "Vivas Zamora, Fabian Ernesto"]
[Black "ArmanGhevondyanchess"]
[WhiteFideId "3902480"]
[WhiteElo "2412"]
[BlackElo "2225"]
[Result "1-0"]
[Round "5"]
[TimeControl "180+1"]
[Date "2023.08.22"]
[WhiteClock "0:00:13"]
[BlackClock "0:00:45"]
[Board "204"]

1. e4 c5 2. Nf3 Nc6 3. d4 cxd4 4. Nxd4 g6 5. c4 Bg7 6. Nc2 d6 7. Be2 Nf6 8. Nc3 O-O 9. O-O b6 10. Be3 Bb7 11. Qd2 Rc8 12. b3 Nd7 13. Bh6 Nc5 14. Bxg7 Kxg7 15. Ne3 e5 16. Rad1 Nd4 17. Nc2 Nce6 18. Nxd4 Nxd4 19. Qe3 f5 20. f4 fxe4 21. Nxe4 Bxe4 22. Qxe4 Qe7 23. Rxd4 Rce8 24. fxe5 dxe5 25. Rd5 Rxf1+ 26. Bxf1 Qf6 27. h3 Re7 28. Be2 Qg5 29. Bf3 h5 30. h4 Qf6 31. a4 a5 32. Rd8 Rf7 33. Rb8 Qd6 34. Rb7 Qc5+ 35. Kh2 Qf2 36. Rxf7+ Kxf7 37. Qxe5 Qxh4+ 38. Kg1 Kf8 39. g3 Qh3 40. Qf6+ Kg8 41. Qxg6+ Kf8 42. Qf6+ Kg8 43. Bd5+ Kh7 44. Be4+ Kg8 45. Qg5+ Kf7 46. Qf5+ 1-0


[Site "https://www.chess.com"]

[Event "Titled Tuesday Blitz August 22 Early 2023"]
[White "Clawitter, Craig"]
[Black "Efremov, Vladislav"]
[WhiteFideId "2023105"]
[BlackFideId "44159935"]
[WhiteElo "2217"]
[BlackElo "2410"]
[Result "1/2-1/2"]
[Round "5"]
[TimeControl "180+1"]
[Date "2023.08.22"]
[WhiteClock "0:00:11"]
[BlackClock "0:00:04"]
[Board "205"]

1. e4 c5 2. Nf3 d6 3. d4 cxd4 4. Nxd4 Nf6 5. Nc3 a6 6. Be3 Ng4 7. Bg5 h6 8. Bh4 g5 9. Bg3 Bg7 10. h3 Ne5 11. Nf5 Bxf5 12. exf5 Nbc6 13. Nd5 Rc8 14. c3 h5 15. Be2 h4 16. Bh2 O-O 17. O-O e6 18. Ne3 d5 19. Bg4 Qf6 20. fxe6 fxe6 21. Nxd5 exd5 22. Bxc8 Rxc8 23. Qxd5+ Kh8 24. Rad1 Rf8 25. Kh1 Ng6 26. Qd6 Qf7 27. Rfe1 Rd8 28. Qc5 Rxd1 29. Rxd1 Be5 30. Bxe5+ Ngxe5 31. Rd5 Qf4 32. Qe3 Qf5 33. b3 Kg7 34. c4 Qb1+ 35. Kh2 Qf5 36. Rd6 Nf7 37. Rd5 Nce5 38. f3 Qf6 39. Qd4 Qe6 40. Rd7 Kg8 41. Rxb7 Nc6 42. Qd7 Qe5+ 43. Kg1 Qe1+ 44. Kh2 Qg3+ 45. Kg1 Nce5 46. Qf5 Qe1+ 47. Kh2 Qg3+ 48. Kg1 Qe1+ 49. Kh2 Qe3 50. Rxf7 Nxf7 51. Qg6+ Kf8 52. Qxa6 Qf4+ 53. Kg1 Qc1+ 54. Kh2 Qf4+ 55. Kg1 Ne5 56. Qe6 Qc1+ 57. Kh2 Qe1 58. Qf5+ Nf7 59. Qf6 Qg3+ 60. Kg1 Qe1+ 61. Kh2 Ke8 62. Qg7 Qg3+ 63. Kg1 Ne5 64. Qg8+ Ke7 65. Qd5 Qe1+ 66. Kh2 Qe2 67. Qe4 Qxe4 68. fxe4 Kd6 69. Kg1 Kc5 70. Kf2 Kb4 71. Ke3 Nc6 72. Kf3 Ne5+ 73. Ke3 Nc6 74. e5 Nxe5 75. Ke4 Ng6 76. Kf5 Nf4 77. Kxg5 Nxg2 78. Kg4 Ka3 79. Kf3 Ne1+ 80. Kg4 Ng2 81. Kf3 Ne1+ 82. Kf2 Nd3+ 83. Kf3 Kxa2 84. Kg4 Kxb3 85. Kxh4 Kxc4 86. Kg5 Kd5 87. Kg6 Nf4+ 88. Kg7 Nxh3 1/2-1/2


[Site "https://www.chess.com"]

[Event "Titled Tuesday Blitz August 22 Early 2023"]
[White "Pert, Nina"]
[Black "Rozhkov, Viacheslav"]
[WhiteFideId "456853"]
[BlackFideId "4181484"]
[WhiteElo "2202"]
[BlackElo "2409"]
[Result "1-0"]
[Round "5"]
[TimeControl "180+1"]
[Date "2023.08.22"]
[WhiteClock "0:00:16"]
[BlackClock "0:00:00"]
[Board "206"]

1. e4 c5 2. Nf3 Nc6 3. d4 cxd4 4. Nxd4 Nf6 5. Nc3 e6 6. Be3 Bb4 7. f3 d5 8. Nxc6 bxc6 9. e5 Nd7 10. f4 O-O 11. Be2 f6 12. exf6 Qxf6 13. O-O c5 14. Bd2 Bb7 15. Bf3 Bxc3 16. Bxc3 Qxf4 17. Qe2 Qh6 18. Bg4 Rae8 19. Qb5 Nb6 20. Qxc5 Qg6 21. Bh3 Ba6 22. Rxf8+ Rxf8 23. Qe7 Re8 24. Qxa7 Qxc2 25. Qxb6 Bc4 26. Re1 e5 27. Qc6 Rf8 28. Qc5 e4 29. Qd4 1-0


[Site "https://www.chess.com"]

[Event "Titled Tuesday Blitz August 22 Early 2023"]
[White "Cheer_Down"]
[Black "Sava, Christiansen-Danut-Eugen"]
[BlackFideId "1210114"]
[WhiteElo "2399"]
[BlackElo "2196"]
[Result "1/2-1/2"]
[Round "5"]
[TimeControl "180+1"]
[Date "2023.08.22"]
[WhiteClock "0:00:11"]
[BlackClock "0:00:03"]
[Board "207"]

1. e4 c5 2. Nf3 Nc6 3. Bb5 e6 4. O-O Nge7 5. d4 cxd4 6. Nxd4 d5 7. Nxc6 bxc6 8. Bd3 g6 9. c4 Bg7 10. cxd5 cxd5 11. Nc3 O-O 12. exd5 Nxd5 13. Nxd5 Qxd5 14. Qe2 Bb7 15. f3 Rac8 16. Be3 Rfd8 17. Be4 Qd7 18. Bxb7 Qxb7 19. Rad1 Qxb2 20. Qxb2 Bxb2 21. Bxa7 Rxd1 22. Rxd1 Ra8 23. Rd2 Bc3 24. Rc2 Rxa7 25. Rxc3 Rxa2 26. h4 h5 27. Kh2 Kg7 28. f4 Kf6 29. Rc5 Rf2 30. Kg3 Rd2 31. Kh3 Rd5 32. Rc7 Rf5 33. g3 Kg7 34. Ra7 Kf8 35. Rb7 Ke8 36. Ra7 Rd5 37. Kg2 Rd7 38. Ra5 Ke7 39. Kh3 Kd6 40. Rb5 Kc6 41. Ra5 Kb6 42. Ra8 Kc5 43. Ra5+ Kd4 44. Kg2 Ke4 45. Ra4+ Kf5 46. Kh3 f6 47. Ra5+ Rd5 48. Ra6 e5 49. fxe5 fxe5 50. Kg2 e4 51. Kf2 Rd2+ 52. Ke3 Rd3+ 53. Kf2 Rf3+ 54. Kg2 Rb3 55. Ra5+ Kf6 56. Kf2 Rb2+ 57. Ke3 Rb3+ 58. Kf2 Ke6 59. Rg5 Kf6 60. Rc5 Kg7 61. Ra5 Kf6 62. Rc5 Rf3+ 63. Kg2 Rf5 64. Rc6+ Kf7 65. Rc4 e3 66. Re4 Rf2+ 67. Kg1 Re2 68. Kf1 Rf2+ 69. Kg1 Rf3 70. Kg2 Rf2+ 71. Kg1 1/2-1/2


[Site "https://www.chess.com"]

[Event "Titled Tuesday Blitz August 22 Early 2023"]
[White "Kuchava, Ana"]
[Black "KorolDimitriy75"]
[WhiteFideId "13605348"]
[WhiteElo "2174"]
[BlackElo "2398"]
[Result "1-0"]
[Round "5"]
[TimeControl "180+1"]
[Date "2023.08.22"]
[WhiteClock "0:00:08"]
[BlackClock "0:00:12"]
[Board "208"]

1. d4 Nf6 2. Nf3 g6 3. c4 c5 4. d5 b5 5. cxb5 a6 6. b6 d6 7. Nc3 Nbd7 8. e4 Bg7 9. Bd3 O-O 10. O-O Nxb6 11. h3 e6 12. dxe6 Bxe6 13. Bf4 d5 14. exd5 Nfxd5 15. Nxd5 Nxd5 16. Be5 Bxe5 17. Nxe5 Qf6 18. Re1 Rfd8 19. Qf3 Nf4 20. Bf1 Bd5 21. Qg3 h5 22. h4 Rab8 23. b3 a5 24. Qg5 Qxg5 25. hxg5 Ne6 26. Rad1 Nxg5 27. f4 Ne6 28. Bc4 Nd4 29. Bxd5 Rxd5 30. Nc4 Rbd8 31. Rc1 Ne6 32. Nxa5 Nxf4 33. Nc6 Nd3 34. Ne7+ Kg7 35. Nxd5 Rxd5 36. Rcd1 Rd4 37. Re3 Nf4 38. Rxd4 cxd4 39. Re4 g5 40. Kf2 d3 41. Rd4 h4 42. a4 Kf6 43. Rd8 Ke5 44. a5 Ke4 45. a6 Nd5 46. Rxd5 Kxd5 47. a7 Kd4 48. a8=Q Kc3 49. Qd8 g4 50. Qd5 h3 51. gxh3 gxh3 52. Kg3 d2 53. Kxh3 Kc2 54. b4 d1=Q 55. Qxd1+ Kxd1 56. b5 Ke2 57. Kg4 Ke3 58. Kf5 Kd4 59. b6 Kd5 60. b7 Kd6 61. b8=Q+ Ke7 62. Qb7+ Kf8 63. Kf6 Ke8 64. Qxf7+ Kd8 65. Ke6 Kc8 66. Kd6 Kb8 67. Kc6 Ka8 68. Qb7# 1-0


[Site "https://www.chess.com"]

[Event "Titled Tuesday Blitz August 22 Early 2023"]
[White "knightinshiningarmour16"]
[Black "Smiechu"]
[WhiteElo "2140"]
[BlackElo "2395"]
[Result "0-1"]
[Round "5"]
[TimeControl "180+1"]
[Date "2023.08.22"]
[WhiteClock "0:01:53"]
[BlackClock "0:01:47"]
[Board "209"]

1. d4 Nf6 2. c4 c5 3. d5 e6 4. Nc3 exd5 5. cxd5 d6 6. e4 g6 7. Bd3 Bg7 8. Nge2 O-O 9. f3 a6 10. O-O b5 11. Bg5 Nbd7 12. Qd2 Re8 13. Bh6 Bh8 14. f4 b4 15. Na4 Nxe4 16. Bxe4 Rxe4 17. a3 a5 18. axb4 axb4 19. Nxc5 Rxe2 20. Qxe2 Rxa1 21. Rxa1 Nxc5 22. Re1 Bd7 23. Ra1 Bg7 24. Bxg7 Kxg7 25. Qd2 Nb3 26. Qd1 Nxa1 27. Qxa1 Qb6+ 28. Kh1 Qd4 0-1


[Site "https://www.chess.com"]

[Event "Titled Tuesday Blitz August 22 Early 2023"]
[White "Cagara, Paulina"]
[Black "Legenia, Artem"]
[WhiteFideId "1124870"]
[BlackFideId "14136945"]
[WhiteElo "2138"]
[BlackElo "2393"]
[Result "1-0"]
[Round "5"]
[TimeControl "180+1"]
[Date "2023.08.22"]
[WhiteClock "0:01:23"]
[BlackClock "0:01:37"]
[Board "210"]

1. e4 e6 2. d4 d5 3. Nc3 dxe4 4. Nxe4 Nd7 5. Nf3 Ngf6 6. Nxf6+ Nxf6 7. Bd3 c5 8. O-O cxd4 9. Nxd4 Be7 10. Be3 O-O 11. Qe2 e5 12. Nf5 e4 13. Nxe7+ Qxe7 14. Bc4 Bg4 15. Qd2 Rfd8 16. Qa5 Rac8 17. Bb3 b6 18. Qa6 Nd5 19. Rfe1 Nb4 20. Qa4 Bd7 21. Qa3 a5 22. c3 Nd5 23. Bxd5 Qxa3 24. bxa3 Rxc3 25. Bxb6 Rdc8 26. Rad1 Bg4 27. f3 exf3 28. Bxf3 Bxf3 29. gxf3 Rxf3 30. Rd8+ Rxd8 31. Bxd8 Kf8 32. Bxa5 Rxa3 33. Bb4+ 1-0


[Site "https://www.chess.com"]

[Event "Titled Tuesday Blitz August 22 Early 2023"]
[White "Polaczek, Richard"]
[Black "Flis, Pawel"]
[WhiteFideId "200026"]
[BlackFideId "1112864"]
[WhiteElo "2392"]
[BlackElo "2136"]
[Result "1-0"]
[Round "5"]
[TimeControl "180+1"]
[Date "2023.08.22"]
[WhiteClock "0:01:32"]
[BlackClock "0:00:00"]
[Board "211"]

1. d4 Nf6 2. Bg5 d5 3. Bxf6 exf6 4. e3 Bd6 5. Nd2 O-O 6. Ne2 c6 7. c4 dxc4 8. Nxc4 Bc7 9. Nc3 Be6 10. Be2 b5 11. Nd2 b4 12. Na4 Nd7 13. Rc1 Nb6 14. Nc5 Qd5 15. Bf3 Qxa2 16. b3 Nd5 17. Nxe6 fxe6 18. Bxd5 exd5 19. Rxc6 Bb6 20. O-O Rac8 21. Rxc8 Rxc8 22. Qg4 Rd8 23. Qe6+ Kf8 24. Nf3 Qxb3 25. e4 a5 26. e5 Bc7 27. exf6 gxf6 28. Qxf6+ Kg8 29. Ng5 Rf8 30. Qe6+ Kg7 31. Qe7+ Kg6 32. Ne6 Bxh2+ 33. Kxh2 1-0


[Site "https://www.chess.com"]

[Event "Titled Tuesday Blitz August 22 Early 2023"]
[White "Feliz Dotel, Dewar Bienvenido"]
[Black "Gheorghiu, Calin"]
[WhiteFideId "6402801"]
[BlackFideId "1200305"]
[WhiteElo "2131"]
[BlackElo "2390"]
[Result "1-0"]
[Round "5"]
[TimeControl "180+1"]
[Date "2023.08.22"]
[WhiteClock "0:00:57"]
[BlackClock "0:00:00"]
[Board "212"]

1. d4 Nf6 2. e3 d5 3. Nf3 g6 4. Be2 Bg7 5. O-O O-O 6. b4 a5 7. b5 a4 8. c4 Ne4 9. Bb2 c6 10. Qc2 Nd7 11. Nbd2 a3 12. Bc1 Nd6 13. bxc6 bxc6 14. Rb1 Re8 15. cxd5 cxd5 16. Qb3 Qa5 17. Qb4 Qa7 18. Nb3 Rb8 19. Qxa3 Qxa3 20. Bxa3 Nc4 21. Bxc4 dxc4 22. Nc5 Rxb1 23. Rxb1 Nxc5 24. Bxc5 Be6 25. a3 1-0


[Site "https://www.chess.com"]

[Event "Titled Tuesday Blitz August 22 Early 2023"]
[White "pasteta13"]
[Black "Floresvillar Gonzalez, Luis Migu"]
[BlackFideId "5100542"]
[WhiteElo "2386"]
[BlackElo "2130"]
[Result "1-0"]
[Round "5"]
[TimeControl "180+1"]
[Date "2023.08.22"]
[WhiteClock "0:00:28"]
[BlackClock "0:00:00"]
[Board "213"]

1. e4 c6 2. Nf3 d5 3. exd5 cxd5 4. d4 Nc6 5. c4 Nf6 6. Nc3 dxc4 7. Bxc4 Bg4 8. d5 Bxf3 9. Qxf3 Ne5 10. Bb5+ Ned7 11. O-O a6 12. Ba4 b5 13. Nxb5 axb5 14. Bxb5 Rb8 15. Bc6 g6 16. Bf4 Bg7 17. Bxb8 Qxb8 18. d6 Qxd6 19. Rfd1 Qc7 20. Rac1 O-O 21. Bxd7 Qa5 22. Qa3 Qh5 23. Qxe7 Nxd7 24. Rxd7 Be5 25. g3 Bxb2 26. Rd8 Rxd8 27. Qxd8+ Kg7 28. Rc8 Kh6 29. Qd2+ g5 30. Rc6+ f6 31. h4 Be5 32. hxg5+ Qxg5 33. Qxg5+ Kxg5 34. f4+ Kg4 35. fxe5 fxe5 36. a4 e4 37. a5 Kf3 38. a6 e3 39. a7 e2 40. Rc3+ Kg4 41. Kf2 h5 42. a8=Q 1-0


[Site "https://www.chess.com"]

[Event "Titled Tuesday Blitz August 22 Early 2023"]
[White "Yuruultei Batbaatar"]
[Black "Seifert, Henryk"]
[WhiteFideId "4905962"]
[BlackFideId "1100963"]
[WhiteElo "2383"]
[BlackElo "2123"]
[Result "1-0"]
[Round "5"]
[TimeControl "180+1"]
[Date "2023.08.22"]
[WhiteClock "0:01:58"]
[BlackClock "0:00:00"]
[Board "214"]

1. d4 d5 2. c4 c6 3. Nf3 e6 4. Qc2 Nf6 5. Nbd2 Nbd7 6. g3 Be7 7. Bg2 O-O 8. O-O b6 9. Rd1 Bb7 10. e4 dxe4 11. Nxe4 c5 12. Nxf6+ Bxf6 13. dxc5 bxc5 14. Ng5 Bxg5 15. Bxb7 Bxc1 16. Bxa8 Qxa8 17. Rxd7 Bg5 18. Rad1 Bf6 19. b3 g6 20. Qd2 Kg7 21. Qa5 Bd4 22. Qxa7 Qf3 23. R7xd4 cxd4 24. Qxd4+ Kg8 25. c5 e5 26. Qd3 Qc6 27. b4 Ra8 28. Qd5 Qf6 29. Qxa8+ 1-0


[Site "https://www.chess.com"]

[Event "Titled Tuesday Blitz August 22 Early 2023"]
[White "Hartikainen, Jarmo"]
[Black "rikchessmx"]
[WhiteFideId "503134"]
[WhiteElo "2108"]
[BlackElo "2381"]
[Result "0-1"]
[Round "5"]
[TimeControl "180+1"]
[Date "2023.08.22"]
[WhiteClock "0:00:17"]
[BlackClock "0:02:17"]
[Board "215"]

1. e4 c5 2. c3 d5 3. exd5 Qxd5 4. d4 cxd4 5. cxd4 Nc6 6. Nf3 Bg4 7. Nc3 Qh5 8. Be2 e6 9. O-O Bd6 10. Nb5 Bxh2+ 11. Nxh2 Bxe2 12. Qa4 Qxb5 13. Qxb5 Bxb5 14. Rd1 O-O-O 15. Nf3 Nf6 16. Be3 Rd7 17. Rdc1 Kb8 18. a4 Be2 19. a5 Bxf3 20. gxf3 a6 21. Rc4 Nd5 22. b4 Ncxb4 23. Rb1 Nxe3 24. fxe3 Nd5 25. e4 Nf6 26. Rcb4 Rc8 27. Kf2 Rc3 28. R1b2 Ra3 0-1


[Site "https://www.chess.com"]

[Event "Titled Tuesday Blitz August 22 Early 2023"]
[White "Rodriguez Fontecha, Marcos"]
[Black "Chen, Minda"]
[WhiteFideId "2256576"]
[BlackFideId "30937000"]
[WhiteElo "2379"]
[BlackElo "2062"]
[Result "1-0"]
[Round "5"]
[TimeControl "180+1"]
[Date "2023.08.22"]
[WhiteClock "0:00:52"]
[BlackClock "0:00:00"]
[Board "216"]

1. e4 c5 2. Nc3 a6 3. f4 g6 4. Nf3 Bg7 5. a3 d6 6. Bc4 Nf6 7. d3 O-O 8. O-O b5 9. Ba2 Bb7 10. Qe1 Nc6 11. Qh4 Rc8 12. f5 b4 13. axb4 cxb4 14. Ne2 Qb6+ 15. Kh1 Ne5 16. Nxe5 dxe5 17. Bb3 Rfd8 18. Bg5 Bc6 19. Ng1 a5 20. Nf3 a4 21. Bc4 Qb8 22. Bh6 Bh8 23. fxg6 hxg6 24. Ng5 Be8 25. Bf8 e6 26. Be7 Nh5 27. Bxd8 Rxd8 28. g4 1-0


[Site "https://www.chess.com"]

[Event "Titled Tuesday Blitz August 22 Early 2023"]
[White "Kozelov, Roman"]
[Black "Zepeda Berlanga, Jan Enrique"]
[WhiteFideId "14133377"]
[BlackFideId "5132355"]
[WhiteElo "2375"]
[BlackElo "1998"]
[Result "1-0"]
[Round "5"]
[TimeControl "180+1"]
[Date "2023.08.22"]
[WhiteClock "0:02:09"]
[BlackClock "0:00:39"]
[Board "217"]

1. e4 c5 2. Nf3 d6 3. Bb5+ Bd7 4. a4 Nf6 5. Nc3 Nc6 6. O-O e6 7. d4 cxd4 8. Nxd4 Be7 9. Be3 O-O 10. f4 a6 11. Be2 Qb6 12. Rf3 Ng4 13. Nxc6 Qxc6 14. Bd4 e5 15. Nd5 Bd8 16. Rg3 Bh4 17. Bxg4 exd4 18. Qxd4 Rfe8 19. Bxd7 1-0


[Site "https://www.chess.com"]

[Event "Titled Tuesday Blitz August 22 Early 2023"]
[White "Ovezdurdyyeva, Jemal"]
[Black "abelmat"]
[WhiteFideId "14001888"]
[WhiteElo "2374"]
[BlackElo "1914"]
[Result "1-0"]
[Round "5"]
[TimeControl "180+1"]
[Date "2023.08.22"]
[WhiteClock "0:00:14"]
[BlackClock "0:00:00"]
[Board "218"]

1. e4 e6 2. d4 d5 3. Nd2 Nc6 4. Ngf3 Nf6 5. exd5 exd5 6. Bd3 Bd6 7. O-O O-O 8. c4 Bf4 9. h3 Be6 10. c5 Re8 11. Qc2 Nb4 12. Qb3 Nxd3 13. Qxd3 g6 14. Qb3 Rb8 15. Re1 Qc8 16. Nf1 Bxc1 17. Raxc1 Ne4 18. Ne5 f6 19. Nd3 c6 20. Nf4 Bf7 21. h4 Qc7 22. g3 g5 23. hxg5 Nxg5 24. Kg2 Qd7 25. Ne3 Bg6 26. Nxg6 hxg6 27. Rh1 Qe7 28. Rh4 Kg7 29. Rch1 Rh8 30. Qd3 Rxh4 31. Rxh4 Re8 32. b4 f5 33. a4 Rh8 34. Rxh8 Kxh8 35. f3 Kg7 36. b5 Kf6 37. g4 f4 38. Nf1 Qh7 39. Qd2 Qh3+ 40. Kf2 Qxf3+ 41. Ke1 Ne4 42. Qh2 Qxg4 43. Qh8+ Kf7 44. Qh7+ Kf6 45. Qh8+ Kf5 46. Qf8+ Nf6 47. Qc8+ Kg5 48. Qxb7 Qh4+ 49. Kd1 Qh1 50. Ke1 Qe4+ 51. Kd1 Qxd4+ 52. Nd2 1-0


[Site "https://www.chess.com"]

[Event "Titled Tuesday Blitz August 22 Early 2023"]
[White "Slovineanu, Viacheslav"]
[Black "Skiadopoulos, Nikolaos"]
[WhiteFideId "13900510"]
[BlackFideId "4200772"]
[WhiteElo "2374"]
[BlackElo "1814"]
[Result "1-0"]
[Round "5"]
[TimeControl "180+1"]
[Date "2023.08.22"]
[WhiteClock "0:00:10"]
[BlackClock "0:00:00"]
[Board "219"]

1. d4 Nf6 2. Nf3 g6 3. c4 c5 4. d5 b5 5. Nc3 b4 6. Nb1 Bg7 7. Bf4 d6 8. Nbd2 Nh5 9. Bg5 Bxb2 10. Rb1 Bg7 11. e4 O-O 12. h3 a5 13. Bd3 Nd7 14. O-O Ne5 15. Bc2 Ba6 16. Nxe5 Bxe5 17. f4 Bd4+ 18. Kh2 Bg7 19. Bd3 Nf6 20. Qe2 Nd7 21. Nf3 Rb8 22. e5 dxe5 23. fxe5 f6 24. Bh4 Nxe5 25. Nxe5 Qd6 26. Bg3 fxe5 27. Qc2 Rxf1 28. Rxf1 Rf8 29. Qa4 Qc7 30. Re1 Rf5 31. Bxf5 gxf5 32. Qe8+ Bf8 33. Bxe5 Qc8 34. Qh5 Bxc4 35. Re3 f4 36. Bxf4 1-0


[Site "https://www.chess.com"]

[Event "Titled Tuesday Blitz August 22 Early 2023"]
[White "Kekic, Armin"]
[Black "elcala"]
[WhiteFideId "14401274"]
[WhiteElo "2361"]
[BlackElo "1701"]
[Result "1-0"]
[Round "5"]
[TimeControl "180+1"]
[Date "2023.08.22"]
[WhiteClock "0:00:24"]
[BlackClock "0:00:40"]
[Board "220"]

1. c4 c5 2. Nc3 Nc6 3. Nf3 d6 4. g3 g6 5. Bg2 Bg7 6. O-O Nf6 7. d3 O-O 8. Bd2 Bd7 9. Qc1 Qc8 10. Bh6 Bh3 11. Bxg7 Kxg7 12. Rb1 Bxg2 13. Kxg2 Rb8 14. a3 a6 15. b4 cxb4 16. axb4 b6 17. b5 axb5 18. Rxb5 Na7 19. Rb3 Qc6 20. Qb2 Nc8 21. Nd5 e5 22. Nxf6 Kxf6 23. d4 exd4 24. Qxd4+ Ke7 25. Rfb1 Kd7 26. e4 f6 27. Qd5 Qxd5 28. exd5 Kc7 29. Nd4 Re8 30. Ne6+ Kd7 31. Ra1 Rb7 32. c5 dxc5 33. Nxc5+ bxc5 34. Rxb7+ Kd6 35. Rxh7 Kxd5 36. Rh6 Ne7 37. Rh4 Rc8 38. Rc1 g5 39. Ra4 Nc6 40. Ra2 Ne5 41. Rac2 Nd3 42. Rd1 c4 43. Rxd3+ cxd3 44. Rxc8 Kd4 45. Rd8+ Kc3 46. Kf3 d2 47. Ke2 Kc2 48. Rxd2+ Kc3 49. Rd6 Kc4 50. Ke3 Kc5 51. Rxf6 Kc4 52. Rf5 Kb3 53. Rxg5 Kc2 54. h4 Kb1 55. h5 Kc2 56. h6 Kb3 57. h7 Kb2 58. h8=Q+ Kc2 1-0


[Site "https://www.chess.com"]

[Event "Titled Tuesday Blitz August 22 Early 2023"]
[White "Topalov, Aleksandar"]
[Black "Berezin, Viktor"]
[WhiteFideId "925659"]
[BlackFideId "14107872"]
[WhiteElo "2339"]
[BlackElo "2476"]
[Result "0-1"]
[Round "5"]
[TimeControl "180+1"]
[Date "2023.08.22"]
[WhiteClock "0:00:42"]
[BlackClock "0:01:26"]
[Board "221"]

1. b3 e5 2. Bb2 d6 3. d4 Nc6 4. Nf3 e4 5. d5 exf3 6. dxc6 bxc6 7. gxf3 Nf6 8. Rg1 Bf5 9. e4 Bg6 10. Nd2 Be7 11. Bd3 Nh5 12. f4 Nxf4 13. Bxg7 Rg8 14. Bb2 Bf6 15. Qc1 Qe7 16. Nc4 Bg5 17. Qd1 Bh5 18. Be2 Nxe2 0-1


[Site "https://www.chess.com"]

[Event "Titled Tuesday Blitz August 22 Early 2023"]
[White "Forgacs, Attila Jr."]
[Black "Shapiro, Daniel"]
[WhiteFideId "773654"]
[BlackFideId "2001780"]
[WhiteElo "2475"]
[BlackElo "2296"]
[Result "1-0"]
[Round "5"]
[TimeControl "180+1"]
[Date "2023.08.22"]
[WhiteClock "0:00:05"]
[BlackClock "0:00:00"]
[Board "222"]

1. e4 c5 2. Nf3 d6 3. d4 cxd4 4. Nxd4 Nf6 5. Nc3 Nc6 6. Bg5 Qb6 7. Ndb5 a6 8. Be3 Qa5 9. Na3 b5 10. Bd3 e6 11. O-O Qc7 12. Ne2 Bb7 13. f3 Be7 14. Rc1 b4 15. Nc4 O-O 16. Bb6 Qb8 17. Nf4 Ne5 18. Nxe5 dxe5 19. Ne2 Bxe4 20. Bf2 Bd5 21. c4 Bc6 22. Bb1 Rd8 23. Qc2 g6 24. Ng3 Qb7 25. Rce1 Bd6 26. Be3 Nd7 27. Ne4 Be7 28. Rd1 Qc7 29. Ng5 Rac8 30. Kh1 a5 31. b3 a4 32. f4 axb3 33. axb3 exf4 34. Bxf4 e5 35. Be3 Nf6 36. Qf2 Rxd1 37. Rxd1 Rd8 38. Rf1 Rd6 39. Qh4 h5 40. Bc2 Ng4 41. Nxf7 Bxh4 42. Nxd6 Qxd6 43. Rd1 Qe7 44. Rd8+ Qxd8 45. Bxg6 Qe7 46. Bf7+ Qxf7 47. Bf4 Nf2+ 48. Kg1 1-0


[Site "https://www.chess.com"]

[Event "Titled Tuesday Blitz August 22 Early 2023"]
[White "Mmukka"]
[Black "Kaminski, Victor"]
[BlackFideId "1131630"]
[WhiteElo "2455"]
[BlackElo "2254"]
[Result "1-0"]
[Round "5"]
[TimeControl "180+1"]
[Date "2023.08.22"]
[WhiteClock "0:00:08"]
[BlackClock "0:00:00"]
[Board "223"]

1. e4 e5 2. Nf3 Nc6 3. Bb5 a6 4. Ba4 Nf6 5. d3 b5 6. Bb3 Bc5 7. c3 O-O 8. O-O d6 9. Bg5 h6 10. Bh4 g5 11. Bg3 Bg4 12. Nbd2 Kg7 13. Re1 Qe7 14. h3 Bh5 15. Nf1 Rad8 16. Ne3 Bxe3 17. Rxe3 Nd7 18. Bd5 Ncb8 19. a4 Nb6 20. axb5 Nxd5 21. exd5 axb5 22. Nd4 Bxd1 23. Nf5+ Kf6 24. Nxe7 Kxe7 25. Rxd1 Nd7 26. d4 f6 27. dxe5 fxe5 28. Ree1 Kf6 29. f3 Nb6 30. Bf2 Nd7 31. Ra1 Ra8 32. Kf1 Ke7 33. Ke2 Nf6 34. Rxa8 Rxa8 35. Rd1 Ra2 36. Rd2 Kd7 37. g4 Ra4 38. h4 e4 39. hxg5 hxg5 40. Bd4 exf3+ 41. Kxf3 Nxd5 42. Ke4 Ke6 43. Rh2 Ne7 44. Rh6+ Kd7 45. Rh7 c5 46. b3 Ra3 47. Bf6 Rxb3 48. Rxe7+ Kc6 49. Bxg5 b4 50. cxb4 Rxb4+ 51. Kf5 Rb1 52. Bf4 Rf1 53. g5 d5 54. g6 Rg1 55. g7 d4 56. Bg5 d3 57. g8=Q 1-0


[Site "https://www.chess.com"]

[Event "Titled Tuesday Blitz August 22 Early 2023"]
[White "SergioMoralesG"]
[Black "Gyulamiryan-koryun"]
[WhiteElo "2414"]
[BlackElo "2036"]
[Result "1-0"]
[Round "5"]
[TimeControl "180+1"]
[Date "2023.08.22"]
[WhiteClock "0:00:45"]
[BlackClock "0:00:46"]
[Board "224"]

1. d4 Nf6 2. c4 e6 3. Nf3 d5 4. Nc3 Be7 5. Bf4 O-O 6. e3 a6 7. Qc2 dxc4 8. Bxc4 b5 9. Bd3 Bb7 10. O-O Nbd7 11. a4 b4 12. Ne4 Nxe4 13. Bxe4 Bxe4 14. Qxe4 c5 15. Rac1 Nf6 16. Qc6 cxd4 17. Nxd4 Nd5 18. Rfd1 Qa5 19. Qb7 Rab8 20. Bxb8 Qxa4 21. Ra1 Qe8 22. Nc6 Bf6 23. Be5 Bg5 24. Rxa6 f6 25. Bd6 Rf7 26. Qa8 1-0


[Site "https://www.chess.com"]

[Event "Titled Tuesday Blitz August 22 Early 2023"]
[White "Schut, Han"]
[Black "Harriott, Tyrell"]
[WhiteFideId "1005561"]
[BlackFideId "2086484"]
[WhiteElo "2247"]
[BlackElo "2411"]
[Result "0-1"]
[Round "5"]
[TimeControl "180+1"]
[Date "2023.08.22"]
[WhiteClock "0:00:32"]
[BlackClock "0:00:47"]
[Board "225"]

1. e4 d5 2. exd5 Nf6 3. Bb5+ Nbd7 4. c4 g6 5. Nf3 Bg7 6. O-O O-O 7. d4 Nb6 8. Nbd2 a6 9. Ba4 Nxa4 10. Qxa4 Bd7 11. Qb3 b5 12. c5 Bg4 13. a4 Qxd5 14. Qxd5 Nxd5 15. axb5 axb5 16. Rxa8 Rxa8 17. h3 Bf5 18. Re1 Ra1 19. Nb3 Rb1 20. Nfd2 Rxc1 21. Rxc1 c6 22. Ra1 h5 23. Ra6 Nb4 24. Ra7 Bf6 25. Na5 Bxd4 26. Nxc6 Nxc6 27. Ra6 Nb4 28. Ra8+ Kg7 29. Rc8 Bxc8 0-1


[Site "https://www.chess.com"]

[Event "Titled Tuesday Blitz August 22 Early 2023"]
[White "Veinberg, Nimrod"]
[Black "Ai, Evan"]
[WhiteFideId "2810280"]
[BlackFideId "2094770"]
[WhiteElo "2694"]
[BlackElo "2245"]
[Result "1-0"]
[Round "5"]
[TimeControl "180+1"]
[Date "2023.08.22"]
[WhiteClock "0:01:03"]
[BlackClock "0:00:00"]
[Board "226"]

1. e4 c5 2. Nf3 d6 3. d4 cxd4 4. Nxd4 Nf6 5. Nc3 a6 6. h3 e5 7. Nf3 h5 8. Bc4 Qc7 9. Bb3 Nc6 10. Ng5 Nd8 11. Be3 Be7 12. Qe2 Ne6 13. O-O-O Nxg5 14. Bxg5 Be6 15. Bxf6 Bxf6 16. Nd5 Bxd5 17. Bxd5 O-O-O 18. h4 Kb8 19. Rh3 Ka7 20. Rb3 Rb8 21. Rdd3 Bxh4 22. Rdc3 Bg5+ 23. Kb1 Qd7 24. f4 Bxf4 25. Qf2+ b6 26. Rc6 Qd8 27. a4 a5 28. Qe1 Rb7 29. Rb5 Kb8 30. Qf2 h4 31. Rcxb6 Rxb6 32. Rxb6+ Kc7 33. Rb7+ Kc8 34. Qa7 1-0


[Site "https://www.chess.com"]